 Dungeon Crawl Stone Soup version 0.22-a0-430-g6609fc6 (webtiles) character file.

2205 JeffiDaFish the Thaumaturge (level 9, 0/45 HPs)
             Began as a Deep Elf Fire Elementalist on May 26, 2018.
             Killed from afar by porpoise's ghost (25 damage)
             ... with a blast of rock fragments
             ... on level 7 of the Dungeon.
             The game lasted 00:21:13 (8016 turns).

JeffiDaFish the Thaumaturge (DEFE)                  Turns: 8016, Time: 00:21:13

Health: 0/45       AC:  5    Str:  5    XL:     9   Next: 12%
Magic:  3/24       EV: 16    Int: 24    God:
Gold:   293        SH:  0    Dex: 18    Spells: 10/26 levels left

rFire    . . .     SeeInvis .   b - +3 whip (drain)
rCold    + . .     Gourm    .   (no shield)
rNeg     . . .     Faith    .   a - +1 robe
rPois    .         Spirit   .   (no helmet)
rElec    .         Reflect  .   p - +0 cloak {+Inv}
rCorr    .         Harm     .   (no gloves)
MR       .....                  e - +0 pair of boots
Stlth    +++.......             (no amulet)
HPRegen  0.15/turn              i - +3 ring of dexterity
MPRegen  0.19/turn              (no ring)

@: very slightly contaminated
A: claws 1, cold resistance 1
a: Evoke Invisibility


You were on level 7 of the Dungeon.
You were very hungry.

You visited 1 branch of the dungeon, and saw 7 of its levels.

You collected 293 gold pieces.

Inventory:

Hand Weapons
 b - a +3 whip of draining (weapon)
 j - a +3 dagger of venom
Armour
 a - a +1 robe (worn)
 e - a +0 pair of boots (worn)
 p - a +0 cloak of invisibility (worn)
Jewellery
 i - a +3 ring of dexterity (left claw)
 q - a +3 ring of dexterity
Wands
 l - a wand of polymorph (10)
Scrolls
 f - 4 scrolls of teleportation
 g - a scroll of fear
 k - a scroll of magic mapping
 n - a scroll of amnesia
 r - a scroll of remove curse
Potions
 d - 2 potions of mutation
 h - 3 potions of brilliance
 m - 2 potions of curing
Comestibles
 c - 12 rations


   Skills:
 - Level 0.1 Fighting
 - Level 0.8 Maces & Flails
 + Level 6.0 Dodging
 - Level 3.1 Stealth
 * Level 9.2 Spellcasting
 * Level 7.1 Conjurations
 + Level 2.0 Charms
 + Level 1.4 Necromancy
 * Level 6.6 Fire Magic


You had 10 spell levels left.
You knew the following spells:

 Your Spells              Type           Power        Failure   Level  Hunger
a - Flame Tongue          Conj/Fire      #####        1%          1    None
b - Conjure Flame         Conj/Fire      #####...     1%          3    None
c - Sticky Flame          Conj/Fire      #####...     3%          4    ##.....
d - Fireball              Conj/Fire      #####.....   10%         5    ####...
e - Regeneration          Chrm/Necr      ###.......   9%          3    None

Your spell library contained the following spells:

 Spells                   Type           Power        Failure   Level  Hunger
 Cause Fear               Hex            ##........   50%         4    ##.....
 Slow                     Hex            ##......     9%          2    None
 Throw Flame              Conj/Fire      #####.       1%          2    None
 Summon Small Mammal      Summ           ##..         6%          1    None
 Summon Ice Beast         Ice/Summ       ##......     50%         4    ##.....
 Call Imp                 Summ           ##......     9%          2    None
 Call Canine Familiar     Summ           ##......     17%         3    None
 Corona                   Hex            ##.....      6%          1    None
 Portal Projectile        Hex/Tloc       ##....       17%         3    None
 Leda's Liquefaction      Hex/Erth       ##........   50%         4    ##.....
 Shroud of Golubria       Chrm/Tloc      ###.......   5%          2    None
 Inner Flame              Hex/Fire       ####....     4%          3    None
 Infusion                 Chrm           ###.         2%          1    None
 Song of Slaying          Chrm           ###.....     3%          2    None
 Spectral Weapon          Hex/Chrm       ###.....     11%         3    None
 Summon Lightning Spire   Summ/Air       ##......     50%         4    ##.....
 Summon Guardian Golem    Hex/Summ       ##......     17%         3    None


Dungeon Overview and Level Annotations

Branches:
Dungeon (7/15)             Temple (0/1) D:7

Altars:
Ashenzari
Fedhas
Makhleb
Okawaru
Ru
Trog

Shops:
D:4 =

Annotations:
D:7 porpoise's ghost, novice GrEE


Innate Abilities, Weirdness & Mutations

You have sharp fingernails.
Your flesh is cold resistant. (rC+)


Message History

Porpoise's ghost casts a spell past you.
The wall shatters!
The blast of rock fragments hits you!
Casting: Flame Tongue (safe; 1% risk of failure)
Confirm with . or Enter, or press ? or * to list all spells.
Aiming: Flame Tongue (safe; 1% risk of failure)
Press: ? - help, Shift-Dir - straight line, f/p - porpoise's ghost
Aim: porpoise's ghost, wielding a vampiric weapon (moderately damaged)
The flame tongue hits porpoise's ghost.
Porpoise's ghost appears unharmed.
Porpoise's ghost is moderately damaged.
Casting: Flame Tongue (safe; 1% risk of failure)
Confirm with . or Enter, or press ? or * to list all spells.
Aiming: Flame Tongue (safe; 1% risk of failure)
Press: ? - help, Shift-Dir - straight line, f/p - porpoise's ghost
Aim: porpoise's ghost, wielding a vampiric weapon (moderately damaged)
The flame tongue hits porpoise's ghost.
Porpoise's ghost is heavily damaged.
Porpoise's ghost points at you and mumbles some strange words.
The wall shatters!
The blast of rock fragments hits you!
Ouch! That really hurt!
You die...

##....#.W...........
###................?..
##....................
#.....)..##.........#
# #....##..# ##......#
###. ##))####.W#
##.).# #....#.)## ##§#
#...## #...<## #§#
##....#### ###.## #@#
#......... #. #.##
##.o...#... #.
#..###.....## . ..
#.........## ..
..............# ##.
.......#####..# #.
..####..# #..# . ##..
#..# ... ...


You could see porpoise's ghost.

Vanquished Creatures
  The ghost of EK47 the Shield-Bearer, an amateur MiFi (D:3)
  Prince Ribbit (D:7)
  A hippogriff (D:4)
  Sigmund (D:3)
  Menkaure (D:4)
  A sky beast (D:5)
  A phantom (D:5)
  2 ogres
  3 centaurs
  A bullfrog (D:6)
  2 hounds
  A centaur skeleton (D:4)
  A jelly (D:5)
  2 orc priests (D:7)
  5 orc wizards
  Crazy Yiuf (D:5)
  4 worker ants
  An iguana (D:5)
  A hound zombie (D:5)
  4 gnolls (D:4)
  9 adders
  2 adder skeletons
  4 worms
  A dart slug (D:5)
  3 leopard geckos
  17 orcs
  3 ball pythons
  8 bats
  3 giant cockroaches
  3 hobgoblins
  6 quokkas
  4 frilled lizards
  13 goblins
  5 kobolds
  3 rats
119 creatures vanquished.

Notes
Turn   | Place    | Note
-------+----------+-------------------------------------------
     0 | D:1      | JeffiDaFish the Deep Elf Fire Elementalist began the quest for the Orb.
     0 | D:1      | Reached XP level 1. HP: 10/10 MP: 6/6
   526 | D:1      | Reached XP level 2. HP: 15/15 MP: 6/8
  1071 | D:1      | Found a shattered altar of Ashenzari.
  1655 | D:2      | Found a blossoming altar of Fedhas.
  1662 | D:2      | Reached XP level 3. HP: 17/19 MP: 5/9
  2368 | D:2      | Reached XP level 4. HP: 21/24 MP: 8/11
  2779 | D:2      | Found an iron altar of Okawaru.
  2828 | D:3      | Learned a level 3 spell: Conjure Flame
  2833 | D:3      | Learned a level 4 spell: Sticky Flame
  3233 | D:3      | Reached skill level 4 in Spellcasting
  3351 | D:3      | Noticed EK47's ghost (amateur MiFi)
  3370 | D:3      | Killed EK47's ghost
  3370 | D:3      | Reached skill level 5 in Spellcasting
  3370 | D:3      | Reached XP level 5. HP: 4/28 MP: 1/14
  3370 | D:3      | Reached XP level 6. HP: 4/32 MP: 1/15
  3791 | D:3      | Gained mutation: Your flesh is cold resistant. (rC+) [potion of mutation]
  3791 | D:3      | Gained mutation: You have sharp fingernails. [potion of mutation]
  3860 | D:3      | Noticed Sigmund
  3870 | D:3      | Killed Sigmund
  3927 | D:3      | Found a sacrificial altar of Ru.
  4048 | D:3      | Found a burning altar of Makhleb.
  4431 | D:4      | Noticed a hippogriff
  4439 | D:4      | Killed a hippogriff
  4439 | D:4      | Reached skill level 6 in Spellcasting
  4439 | D:4      | Reached skill level 5 in Fire Magic
  4439 | D:4      | Reached XP level 7. HP: 5/36 MP: 4/18
  4933 | D:4      | Learned a level 5 spell: Fireball
  5077 | D:4      | Found Qattam's Jewellery Shoppe.
  5106 | D:4      | Reached skill level 7 in Spellcasting
  5227 | D:4      | Reached skill level 5 in Conjurations
  5560 | D:4      | Noticed Menkaure
  5565 | D:4      | Killed Menkaure
  5565 | D:4      | Reached XP level 8. HP: 24/41 MP: 13/21
  5865 | D:5      | Entered Level 5 of the Dungeon
  5893 | D:5      | Reached skill level 5 in Dodging
  6106 | D:5      | Reached skill level 8 in Spellcasting
  6619 | D:5      | Found a bloodstained altar of Trog.
  6637 | D:5      | Found a runed door.
  6641 | D:5      | Noticed Crazy Yiuf
  6645 | D:5      | Killed Crazy Yiuf
  7178 | D:6      | Learned a level 3 spell: Regeneration
  7487 | D:6      | Reached skill level 9 in Spellcasting
  7487 | D:6      | Reached skill level 1 in Charms
  7684 | D:7      | Noticed Prince Ribbit
  7713 | D:7      | Killed Prince Ribbit
  7713 | D:7      | Reached skill level 1 in Necromancy
  7713 | D:7      | Reached XP level 9. HP: 34/45 MP: 13/24
  7989 | D:7      | Found a staircase to the Ecumenical Temple.
  7989 | D:7      | Noticed porpoise's ghost (novice GrEE)
  8016 | D:7      | Killed from afar by porpoise's ghost

Vault maps used:
D:1:      minmay_arrival_shattered_statue, ashenzari_altar_1
D:2:      nicolae_overflow_hidden_temple, fedhas_altar_3
D:3:      lemuel_crystal_altar, old_standard_altar, feat_on_display,
          uniq_sigmund
D:4:      first_ration, serial_shops, shop, chequers_big_river, uniq_menkaure
D:5:      lemuel_crystal_altar, minivault_4, uniq_crazy_yiuf_cottage
D:7:      minmay_temple_entry_glass, wad_floor_pattern_untrapped,
          uniq_prince_ribbit1

Skill      XL: |  1  2  3  4  5  6  7  8  9 |
---------------+----------------------------+-----
Fire Magic     | 4 5 6 |  6.6
Stealth        | 3 |  3.1
Spellcasting   | 5 6 7 9 |  9.2
Dodging        | 3 4 5 6 |  6.0
Conjurations   | 3 4 5 6 7 |  7.1
Charms         | 1 2 |  2.0
Necromancy     | 1 |  1.4
Fighting       | |  0.1
Maces & Flails | |  0.8

Action                   |  1- 3 |  4- 6 |  7- 9 || total
-------------------------+-------+-------+-------++-------
Melee: Dagger            |     7 |       |       ||     7
       Whip              |    37 |    21 |    50 ||   108
 Cast: Flame Tongue      |    50 |    47 |   102 ||   199
       Conjure Flame     |       |     3 |     2 ||     5
       Sticky Flame      |       |     1 |    28 ||    29
  Use: Potion            |     5 |     5 |     4 ||    14
       Scroll            |     4 |     4 |     2 ||    10
 Stab: Sleeping          |     5 |     1 |     1 ||     7
  Eat: Chunk             |     4 |     7 |    12 ||    23
Armor: Robe              |    14 |     2 |     9 ||    25
Dodge: Dodged            |    52 |    30 |    76 ||   158

Table legend:
 A = Spawn XP
 B = Non-spawn XP
 C = Spawn XP percentage of total XP
 D = Spawn monster count
 E = Non-spawn monster count
 F = Spawn count percentage of total count
 G = Total turns spent on level
                    A         B        C        D         E        F      G
               +---------+---------+-------+---------+---------+-------+---------
         Total |       0 |    3150 |   0.0 |       0 |     119 |   0.0 |  8016
               +---------+---------+-------+---------+---------+-------+---------
           D:1 |       0 |      38 |   0.0 |       0 |      24 |   0.0 |  1655
           D:2 |       0 |      83 |   0.0 |       0 |      15 |   0.0 |  1157
           D:3 |       0 |     562 |   0.0 |       0 |      16 |   0.0 |  1588
           D:4 |       0 |     853 |   0.0 |       0 |      26 |   0.0 |  1465
           D:5 |       0 |     733 |   0.0 |       0 |      19 |   0.0 |  1224
           D:6 |       0 |     379 |   0.0 |       0 |      12 |   0.0 |   641
           D:7 |       0 |     502 |   0.0 |       0 |       7 |   0.0 |   286
               +---------+---------+-------+---------+---------+-------+---------
